 Dungeon Crawl Stone Soup version 0.29-a0-653-gd47aff6735 (webtiles) character file.

Game seed: 8624215029318019757

786 YayAnonymity the Conjurer (level 7, 0/70 HPs)
             Began as an Ogre Hedge Wizard on June 22, 2022.
             Was an Initiate of Ashenzari.
             Slain by a necrophage (5 damage)
             ... on level 5 of the Dungeon.
             The game lasted 00:13:42 (6556 turns).

YayAnonymity the Conjurer (Ogre Hedge Wizard)       Turns: 6556, Time: 00:13:43

Health: 0/70       AC:  4    Str: 17    XL:     7   Next: 86%
Magic:  12/13      EV: 10    Int: 21    God:    Ashenzari [......]
Gold:   349        SH:  0    Dex:  8    Spells: 10/14 levels left

rFire   . . .      SeeInvis .   a - +0 mace
rCold   . . .      Faith    .   (no shield)
rNeg    . . .      Spirit   .   b - +0 robe
rPois   .          Reflect  .   c - +1 hat
rElec   .          Harm     .   (no cloak)
rCorr   .          Rampage  .   (gloves unavailable)
Will    +....                   (boots unavailable)
Stlth   +.........              f - amulet of magic regeneration
HPRegen 0.21/turn               r - ring of willpower
MPRegen 0.53/turn               v - +6 ring of intelligence

@: no status effects
A: large, unfitting armour, tough skin 1
a: Renounce Religion, Curse Item


You were on level 5 of the Dungeon.
You worshipped Ashenzari.
Ashenzari was noncommittal.
You visited 1 branch of the dungeon, and saw 5 of its levels.

You collected 349 gold pieces.

Inventory:

Hand Weapons
 a - a +0 mace (weapon)
Missiles
 i - 4 poisoned darts
 t - 6 silver boomerangs
 C - 2 javelins
Armour
 b - a +0 robe (worn)
 c - a +1 hat (worn)
Jewellery
 f - an amulet of magic regeneration (around neck)
 r - a ring of willpower (left hand)
 v - a +6 ring of intelligence (right hand)
 x - an amulet of reflection
 y - a ring of protection from fire
Wands
 m - a wand of light (7)
 A - a wand of digging (2)
Scrolls
 e - a scroll of teleportation
 g - a scroll of amnesia
 h - a scroll of noise
 n - a scroll of summoning
 p - 2 scrolls of enchant armour
 q - 3 scrolls of immolation
 s - 2 scrolls of vulnerability
 u - a scroll of fear
 z - a scroll of identify
 B - a scroll of blinking
Potions
 d - a potion of magic
 j - 3 potions of heal wounds
 k - 3 potions of curing
 l - a potion of might
 o - a potion of cancellation
 w - a potion of flight


   Skills:
 + Level 4.1 Fighting
 + Level 2.6 Maces & Flails
 + Level 2.5 Throwing
 + Level 3.4 Dodging
 - Level 1.4 Stealth
 - Level 4.0 Spellcasting
 * Level 4.3 Conjurations
 - Level 1.0 Summonings
 - Level 2.0 Translocations


You had 10 spell levels left.
You knew the following spells:

 Your Spells              Type           Power      Damage    Failure   Level
a - Magic Dart            Conj           88%        1d7       1%          1
b - Blink                 Tloc           24%        N/A       8%          2
c - Slow                  Hex            16%        N/A       12%         1

Your spell library contained the following spells:

 Spells                   Type           Power      Damage    Failure   Level
 Beastly Appendage        Tmut           8%         N/A       12%         1
 Necrotize                Necr           16%        1d4       12%         1
 Call Imp                 Summ           8%         N/A       12%         2
 Conjure Flame            Conj/Fire      13%        6-21      14%         3
 Lesser Beckoning         Tloc           12%        N/A       16%         3
 Sublimation of Blood     Necr           4%         N/A       19%         2
 Wereblood                Tmut           4%         N/A       19%         2
 Mephitic Cloud           Conj/Pois/Air  10%        N/A       21%         3
 Spider Form              Tmut/Pois      4%         N/A       34%         3
 Vampiric Draining        Necr           4%         2d6       34%         3
 Hailstorm                Conj/Ice       13%        3d5       43%         4
 Iskenderun's Battlesphe  Conj           22%        2d8       50%         5
 Ice Form                 Ice/Tmut       4%         N/A       75%         4
 Petrify                  Tmut/Erth      4%         N/A       75%         4
 Irradiate                Conj/Tmut      6%         3d15      80%         5
 Manifold Assault         Tloc           12%        N/A       82%         5
 Agony                    Necr           4%         N/A       97%         5
 Iron Shot                Conj/Erth      6%         9d2       100%        6
 Simulacrum               Ice/Necr       2%         N/A       100%        6
 Spellforged Servitor     Conj/Summ      7%         N/A       100%        7


Dungeon Overview and Level Annotations

Branches:
Dungeon (5/15)
 Temple: D:4-7

Altars:
Ashenzari
Gozag
Hepliaklqana
Nemelex Xobeh
Ru
Sif Muna
Xom


Innate Abilities, Weirdness & Mutations

You are too large for most types of armour.
You have tough skin. (AC +1)


Message History

Confirm with . or Enter, or press ? or * to list all spells.
Aiming: Magic Dart (safe; 1% risk of failure)
Press: ? - help, Shift-Dir - straight line, f - necrophage
Aim: a necrophage (100% to hit)
The magic dart hits the necrophage.
The necrophage is lightly damaged.
The necrophage hits you.
* * * LOW HITPOINT WARNING * * *
You hit the necrophage but do no damage.
The necrophage is lightly damaged.
The necrophage hits you but does no damage.
You hit the necrophage.
The necrophage is moderately damaged.
The necrophage closely misses you.
You hit the necrophage but do no damage.
The necrophage is moderately damaged.
The necrophage hits you.
* * * LOW HITPOINT WARNING * * *
You hit the necrophage but do no damage.
The necrophage is moderately damaged.
The necrophage hits you but does no damage.
The necrophage misses you.
Casting: Magic Dart (safe; 1% risk of failure)
Confirm with . or Enter, or press ? or * to list all spells.
Aiming: Magic Dart (safe; 1% risk of failure)
Press: ? - help, Shift-Dir - straight line, f/p - necrophage
Aim: a necrophage (moderately damaged, 100% to hit)
The magic dart hits the necrophage.
The necrophage is heavily damaged.
The necrophage hits you.
* * * LOW HITPOINT WARNING * * *
Casting: Magic Dart (safe; 1% risk of failure)
Confirm with . or Enter, or press ? or * to list all spells.
Aiming: Magic Dart (safe; 1% risk of failure)
Press: ? - help, Shift-Dir - straight line, f/p - necrophage
Aim: a necrophage (moderately damaged, 100% to hit)
The magic dart hits the necrophage.
The necrophage is heavily damaged.
The necrophage hits you.
You die...

...##..##.##..#!.#####..#####..#.
..........##..#......#..#......#.
..####.#####..#,.....#..#......#.
.......# #..#####..#..#..#####.
###..#######..#......#..#.....,#.
..#....#......#......#..#......#.
..#.##.#.####.#..#####..#####..#.
..#.##.#.# #.#......#..#......#.
########.# #.#n@....#oO#......#.
....###..# #.#####.)#W.#..#####.
._...##### #.#,,,*,,#Jo#..#,,,#.
...♣..#..# #.#,8,*,,#..#..#,,,#.
##....##.# #.#,,,+,,#..#,.',,,#÷
###._.##.####'########..########.
.#....##'##......................
...♣..#........#######...###....#
._...##........# #...# #....#


You could see a necrophage.

Vanquished Creatures
  Sigmund (D:4)
  A phantom (D:5)
  4 scorpions
  A jelly (D:5)
  A hound (D:5)
  An orc wizard (D:3)
  3 iguanas
  4 adders
  A shadow imp (D:5)
  A white imp (D:5)
  An ufetubus (D:5)
  A worm (D:2)
  A dart slug (D:5)
  7 orcs
  4 ball pythons
  10 endoplasms
  2 giant cockroaches (D:1)
  7 goblins
  4 hobgoblins
  3 jackals (D:3)
  7 kobolds
  4 quokkas
  7 bats
  2 frilled lizards (D:2)
  10 rats
88 creatures vanquished.

Notes
Turn   | Place    | Note
-------+----------+-------------------------------------------
     0 | D:1      | YayAnonymity the Ogre Hedge Wizard began the quest for the
                  | Orb.
     0 | D:1      | Reached XP level 1. HP: 16/16 MP: 5/5
    49 | D:1      | Reached skill level 1 in Translocations
    73 | D:1      | Reached skill level 1 in Conjurations
   141 | D:1      | Reached skill level 1 in Summonings
   226 | D:1      | Reached XP level 2. HP: 26/26 MP: 1/6
   823 | D:1      | Reached skill level 1 in Fighting
   823 | D:1      | Reached XP level 3. HP: 33/33 MP: 5/8
   921 | D:1      | Learned a level 2 spell: Blink
   923 | D:1      | Learned a level 1 spell: Slow
  1478 | D:2      | Found a broken altar of Ashenzari.
  1500 | D:2      | Became a worshipper of Ashenzari the Shackled
  1609 | D:2      | Reached XP level 4. HP: 41/41 MP: 6/9
  1744 | D:2      | Found a faded altar of an unknown god.
  2148 | D:3      | HP: 1/42 [something/magic dart (5)]
  2470 | D:3      | HP: 1/42 [something/magic dart (5)]
  2776 | D:3      | Reached skill level 1 in Maces & Flails
  2967 | D:3      | Reached XP level 5. HP: 45/49 MP: 7/11
  4027 | D:4      | Reached skill level 1 in Throwing
  4123 | D:4      | Reached XP level 6. HP: 53/59 MP: 7/12
  4561 | D:4      | Noticed Sigmund
  4579 | D:4      | HP: 1/59 [something (7)]
  4584 | D:4      | Killed Sigmund
  4585 | D:4      | Reached XP level 7. HP: 5/67 MP: 13/13
  5101 | D:5      | Entered Level 5 of the Dungeon
  5511 | D:5      | Found a sparkling altar of Nemelex Xobeh.
  5516 | D:5      | Found a shimmering altar of Xom.
  5520 | D:5      | Found a shimmering blue altar of Sif Muna.
  5522 | D:5      | Found a sacrificial altar of Ru.
  5532 | D:5      | Found a hazy altar of Hepliaklqana.
  5688 | D:5      | Found an opulent altar of Gozag.
  6132 | D:5      | HP: 2/68 [hound (5)]
  6556 | D:5      | Slain by a necrophage

Illustrated notes

Levels and vault maps discovered:
D:1:      roderic_crossed_star, layout_loops_ring, minmay_misc_feat_tower
D:2:      layout_rooms, basic_altar, shapermc_ecumenical_altar_notcrosses,
          dreamdust_wishing_well, chequers_garden, eino_curves_01,
          dreamdust_princess_corridor
D:3:      layout_basic, serial_curves, eino_curves_02, eino_curves_04,
          eino_curves_04, eino_curves_03
D:4:      layout_cave_pools, chequers_serial_rivers_micro_c, uniq_sigmund
D:5:      kennysheep_windowed_halls, layout_basic,
          nicolae_overflow_hallway_of_the_gods, item_on_display_a

Skill      XL: |  1  2  3  4  5  6  7 |
---------------+----------------------+-----
Translocations | 1 2 |  2.0
Conjurations   | 1 2 3 4 |  4.3
Summonings     | 1 |  1.0
Dodging        | 2 3 |  3.4
Fighting       | 1 2 3 4 |  4.1
Spellcasting   | 4 |  4.0
Maces & Flails | 1 2 |  2.6
Throwing       | 1 2 |  2.5
Stealth        | |  1.4

Action                   |  1- 3 |  4- 6 |  7- 9 || total
-------------------------+-------+-------+-------++-------
Melee: Whip              |    15 |       |       ||    15
       Mace              |       |    78 |    19 ||    97
 Cast: Magic Dart        |   102 |   119 |    78 ||   299
       Blink             |       |     4 |     1 ||     5
       Slow              |       |     7 |     6 ||    13
  Use: Scroll            |       |    14 |     4 ||    18
       Potion            |       |     3 |       ||     3
Armor: Robe              |     5 |    30 |    32 ||    67
Dodge: Dodged            |    12 |    53 |    55 ||   120

Table legend: (Time is in decaauts)
 A = Elapsed time spent in this place.
 B = Non-inter-level travel time spent in this place.
 C = Inter-level travel time spent in this place.
 D = Time resting spent in this place.
 E = Time spent auto-exploring this place.
 F = Levels seen in this place.
 G = Mean time per level.
                   A        B        C        D        E       F      G
               +--------+--------+--------+--------+--------+-----+--------+
         Total |   6587 |   6476 |    111 |   1089 |   4286 |   5 | 1317.4 |
       Dungeon |   6587 |   6476 |    111 |   1089 |   4286 |   5 | 1317.4 |
               +--------+--------+--------+--------+--------+-----+--------+

Top non-repeatable levels by time:
     D:3: 1557 daAuts
     D:4: 1482 daAuts
     D:5: 1423 daAuts
     D:2: 1065 daAuts
     D:1: 1057 daAuts
